 Dungeon Crawl Stone Soup version 0.25-a0-178-gc9f82b1288 (webtiles) character file.

Game seed: 8452514122091582831, levelgen mode: deterministic

11776 zhorgal the Slicer (level 11, -12/62 HPs)
             Began as a Vine Stalker Berserker on Nov 26, 2019.
             Was a High Priest of Trog.
             Mangled by a two-headed ogre
             ... wielding a cursed -3 giant club
              (15 damage)
             ... on level 11 of the Dungeon.
             The game lasted 00:33:41 (9496 turns).

zhorgal the Slicer (Vine Stalker Berserker)         Turns: 9496, Time: 00:33:41

Health: -12/62     AC: 13    Str: 25    XL:     11   Next: 83%
Magic:  0/16       EV:  4    Int:  7    God:    Trog [*****.]
Gold:   589        SH: 10    Dex: 14    Spells: 10/10 levels left

rFire    + . .     SeeInvis .   l - +5 rapier (venom)
rCold    + + .     Gourm    .   d - +2 shield
rNeg     . . .     Faith    .   r - +0 plate armour
rPois    .         Spirit   +   (no helmet)
rElec    .         Reflect  .   u - scarf {rC+ rF+}
rCorr    .         Harm     .   (no gloves)
MR       +....                  a - +0 pair of boots
Stlth    ..........             (no amulet)
HPRegen  0.60/turn              y - ring of protection from cold
MPRegen  0.15/turn              O - +2 ring of strength

@: lethally poisoned (-12 -> -12)
A: fangs 3, regeneration 1, magic shield, antimagic bite, no potion heal 3, rot
immunity
a: Berserk, Trog's Hand, Brothers in Arms, Renounce Religion


You were on level 11 of the Dungeon.
You worshipped Trog.
Trog was extremely pleased with you.
You were not hungry.

You visited 1 branch of the dungeon, and saw 11 of its levels.
You also visited: Ossuary.

You collected 589 gold pieces.

Inventory:

Hand Weapons
 b - a +0 hunting sling
 l - a +5 rapier of venom (weapon)
 q - a +0 hunting sling
 s - a cursed +0 falchion
 K - a +2 trident of venom
 Q - a +2 dagger of freezing
 S - a +2 antimagic rapier
Missiles
 f - 364 arrows
 i - a datura-tipped dart
 k - 234 stones
 m - 103 bolts
 n - 8 javelins
 p - 28 sling bullets
 v - 55 poisoned darts (quivered)
 I - 2 boomerangs
 N - 4 throwing nets
 T - 5 curare-tipped darts
Armour
 a - a +0 pair of boots (worn)
 d - a +2 shield (worn)
 r - a +0 plate armour (worn)
 t - a +0 troll leather armour
 u - a scarf of resistance (worn)
Jewellery
 y - a ring of protection from cold (left hand)
 H - an uncursed ring of fire
 O - a +2 ring of strength (right hand)
 R - an uncursed ring of protection from magic {unknown}
Wands
 B - a wand of flame (7)
 D - a wand of paralysis (14)
 E - a wand of random effects (49)
Scrolls
 e - 3 scrolls of fog
 g - 7 scrolls of teleportation
 o - a scroll of holy word
 w - 2 scrolls of blinking
 C - 4 scrolls of remove curse
 F - 3 scrolls of magic mapping
 M - 2 scrolls of enchant weapon
Potions
 h - 5 potions of lignification
 j - 7 potions of curing
 x - a potion of brilliance
 z - a potion of agility
 A - a potion of magic
 G - a potion of might
 J - 3 potions of haste
Miscellaneous
 L - a lightning rod (4/4)
Comestibles
 c - 28 rations
 P - 3 chunks of flesh


   Skills:
 + Level 9.1 Fighting
 * Level 12.1 Short Blades
 + Level 5.6 Armour
 - Level 1.5 Dodging
 + Level 5.7 Evocations


You had 10 spell levels left.
You didn't know any spells.
Your spell library was empty.

Dungeon Overview and Level Annotations

Branches:
Dungeon (11/15)            Temple (0/1) D:5             Orc (0/2) D:11
Ossuary (visited)
   Lair: D:8-11

Altars:
Ashenzari
Hepliaklqana
Kikubaaqudgha
Vehumet
Wu Jian
The Shining One

Shops:
D:10 }

Annotations:
D:10 exclusion: door


Innate Abilities, Weirdness & Mutations

You have razor-sharp teeth.
Your natural rate of healing is unusually fast.
When hurt, damage is shared between your health and your magic reserves.
Your bite disrupts and absorbs the magic of your enemies.
Potions cannot restore your health.
You are immune to rotting.


Message History

You take 13 damage, and have 45/62 hp.
MASSIVE DAMAGE!!
You now have 13/16 mp.
You puncture the two-headed ogre!
The two-headed ogre looks as sick as possible!
You bite the two-headed ogre, but do no damage.
You block the big kobold's attack.
You puncture the two-headed ogre! Your bite misses the two-headed ogre.
The two-headed ogre hits you with a cursed -3 giant club!
The two-headed ogre hits you with a +0 giant spiked club!
You block the kobold's attack. You block the big kobold's attack.
You take 25 damage, and have 21/62 hp.
MASSIVE DAMAGE!!
You now have 6/16 mp.
You completely miss the two-headed ogre.
Your bite misses the two-headed ogre. You block the kobold's attack.
The big kobold hits you but does no damage.
You puncture the two-headed ogre!
You bite the two-headed ogre, but do no damage.
You feel sick.
The two-headed ogre hits you with a cursed -3 giant club!!
* * * LOW HITPOINT WARNING * * *
The two-headed ogre hits you with a +0 giant spiked club!
You die...

##............#
#)))..........#
##..#........###
#..###.......#
##..# ##..#...##
# #..##
#####.(.##.###
##..# ##(......#
#..## ##().....#
###..#
#.@K.....#
#...##
#..OK.....#
.....##
#..........#
......#
#..........#
###...#
#...........#
##(..#
#...........#
...#
##..........#
#...#
##.........#
#...


You could see a two-headed ogre, a big kobold and a kobold.

Vanquished Creatures
  An ugly thing (D:11)
  A centaur skeleton (D:11)
  Prince Ribbit (D:6)
  3 trolls
  A merfolk (D:9)
  5 hippogriffs
  Sigmund (D:3)
  2 wraiths (D:11)
  6 yaks (D:11)
  4 fire bats (D:10)
  A hell hound (D:10)
  A water moccasin (D:8)
  2 ice beasts
  8 orc warriors
  An eye of draining (D:7)
  6 ogres
  A sky beast (D:7)
  3 phantoms
  10 centaurs
  5 bullfrogs
  8 big kobolds
  An elf zombie (Ossuary)
  4 gnoll sergeants
  A scorpion (D:10)
  3 wyvern skeletons
  11 wights
  5 centaur zombies
  4 crimson imps
  7 hounds
  A human zombie (Ossuary)
  2 quasits (D:10)
  3 jellies
  6 orc priests
  4 iguanas
  10 orc wizards
  3 worker ants
  A big kobold zombie (Ossuary)
  3 hound zombies
  2 mummies (Ossuary)
  2 worker ant zombies
  12 adders
  9 gnolls
  4 oozes
  2 adder zombies (Ossuary)
  An adder skeleton (D:4)
  4 worms
  5 dart slugs
  2 leopard geckos
  39 orcs
  6 bats
  A giant cockroach (D:4)
  8 goblins
  7 hobgoblins
  22 jackals
  22 kobolds
  6 quokkas
  5 ball pythons
  3 frilled lizards
  A giant cockroach zombie (D:5)
  17 hobgoblin zombies (Ossuary)
  2 jackal skeletons (D:6)
  5 kobold zombies (Ossuary)
  5 orc zombies (Ossuary)
  2 quokka skeletons
  4 rats
  A rat zombie (Ossuary)
339 creatures vanquished.

Vanquished Creatures (collateral kills)
  Harold (D:10)
  2 orcs (D:10)
3 creatures vanquished.

Vanquished Creatures (others)
  A fire vortex (D:10)
1 creature vanquished.

Grand Total: 343 creatures vanquished

Notes
Turn   | Place    | Note
-------+----------+-------------------------------------------
     0 | D:1      | zhorgal the Vine Stalker Berserker began the quest for the
                  | Orb.
     0 | D:1      | Reached XP level 1. HP: 11/11 MP: 2/2
    50 | D:1      | Reached skill level 3 in Short Blades
    73 | D:1      | Reached XP level 2. HP: 12/16 MP: 3/3
   483 | D:1      | Reached XP level 3. HP: 19/19 MP: 4/4
  1101 | D:2      | Reached ** piety under Trog
  1323 | D:2      | Gained mutation: Your natural rate of healing is unusually
                  | fast. [Vine Stalker growth]
  1323 | D:2      | Reached XP level 4. HP: 24/24 MP: 3/5
  1506 | D:2      | Reached skill level 4 in Short Blades
  1893 | D:3      | Reached XP level 5. HP: 22/29 MP: 4/6
  1921 | D:3      | Noticed Sigmund
  1948 | D:3      | Killed Sigmund
  1948 | D:3      | Reached skill level 5 in Short Blades
  1948 | D:3      | Reached XP level 6. HP: 22/34 MP: 4/7
  2384 | D:3      | Reached *** piety under Trog
  2386 | D:3      | Reached XP level 7. HP: 38/38 MP: 8/8
  2845 | D:4      | Found a sand-covered staircase.
  2850 | Ossuary  | Entered an ossuary
  2987 | Ossuary  | Reached skill level 6 in Short Blades
  3052 | Ossuary  | Reached **** piety under Trog
  3056 | Ossuary  | Reached skill level 5 in Fighting
  3690 | D:5      | Entered Level 5 of the Dungeon
  3710 | D:5      | Reached skill level 7 in Short Blades
  3710 | D:5      | Gained mutation: You have razor-sharp teeth. [Vine Stalker
                  | growth]
  3710 | D:5      | Reached XP level 8. HP: 39/44 MP: 9/9
  4071 | D:5      | Reached ***** piety under Trog
  4193 | D:5      | Found a staircase to the Ecumenical Temple.
  4421 | D:4      | Reached skill level 8 in Short Blades
  4794 | D:6      | Received a gift from Trog
  4880 | D:6      | Noticed Prince Ribbit
  4903 | D:6      | Killed Prince Ribbit
  4903 | D:6      | Reached skill level 9 in Short Blades
  4903 | D:6      | Reached XP level 9. HP: 29/49 MP: 5/10
  4995 | D:6      | Found a shattered altar of Ashenzari.
  5259 | D:6      | Found a hazy altar of Hepliaklqana.
  5487 | D:7      | Reached skill level 1 in Evocations
  5808 | D:7      | Reached skill level 10 in Short Blades
  5889 | D:7      | Reached XP level 10. HP: 43/55 MP: 8/12
  7085 | D:8      | Received a gift from Trog
  7667 | D:9      | Found an ornate altar of the Wu Jian Council.
  7668 | D:9      | Found a radiant altar of Vehumet.
  7670 | D:9      | Found an ancient bone altar of Kikubaaqudgha.
  8040 | D:10     | Entered Level 10 of the Dungeon
  8168 | D:10     | Reached skill level 11 in Short Blades
  8272 | D:10     | Reached XP level 11. HP: 36/60 MP: 11/15
  8375 | D:10     | Noticed Harold
  8397 | D:10     | Killed Harold
  8454 | D:10     | Found Juiwoomp's Gadget Emporium.
  8820 | D:11     | Reached skill level 5 in Evocations
  8855 | D:11     | Noticed a green ugly thing
  8871 | D:11     | Killed a green ugly thing
  8871 | D:11     | Reached skill level 5 in Armour
  8892 | D:11     | Found a staircase to the Orcish Mines.
  8951 | D:11     | Received a gift from Trog
  9168 | D:11     | Reached skill level 12 in Short Blades
  9216 | D:11     | Found a glowing golden altar of the Shining One.
  9485 | D:11     | Noticed a two-headed ogre
  9496 | D:11     | HP: 3/62 [two-headed ogre/cursed -3 giant club (18)]
  9496 | D:11     | Mangled by a two-headed ogre

Levels and vault maps discovered:
D:1:      eino_arrival_water_star, layout_loops_ring
D:2:      minmay_angry_zag, layout_basic, minmay_split_cup_small
D:3:      layout_loops_cross, first_ration, uniq_sigmund
D:4:      layout_basic, enter_ossuary_5
D:5:      layout_rooms, minmay_temple_entry_poolview, lightli_minifort
D:6:      layout_rooms, kennysheep_mini, ashenzari_altar_1, uniq_prince_ribbit1
D:7:      nicolae_whirlpool, layout_gridville
D:8:      layout_basic
D:9:      layout_stronghold, minitemple, hangedman_fish_farm
D:10:     layout_big_octagon, serial_shops, shop, hex_tiny,
          hangedman_incinerator, uniq_harold
D:11:     layout_cave_pods, lair_entry_dummy,
          kennysheep_orc_monster_closet_entryway, basic_altar

Skill      XL: |  1  2  3  4  5  6  7  8  9 10 11 |
---------------+----------------------------------+-----
Short Blades   | 3 4 5 7 9 10 11 12 | 12.1
Fighting       | 3 4 5 6 7 8 9 |  9.1
Evocations     | 2 4 5 |  5.7
Armour         | 3 4 5 |  5.6
Dodging        | |  1.5

Action                   |  1- 3 |  4- 6 |  7- 9 | 10-12 || total
-------------------------+-------+-------+-------+-------++-------
Melee: Short sword       |   109 |   141 |   320 |       ||   570
       Bite              |    29 |    42 |   156 |   153 ||   380
       Rapier            |       |       |   139 |   398 ||   537
 Fire: Hunting sling     |     7 |     8 |       |       ||    15
Throw: Dart              |       |       |     3 |     1 ||     4
Invok: Trog's Hand       |       |     1 |       |     2 ||     3
       Berserk           |       |     2 |     2 |     6 ||    10
       Brothers in Arms  |       |       |       |     1 ||     1
 Abil: Evoke Berserk Rag |       |       |     1 |       ||     1
Evoke: Wand              |       |       |       |    11 ||    11
  Use: Scroll            |       |       |    18 |     3 ||    21
       Potion            |       |       |     1 |       ||     1
  Eat: Chunk             |     1 |     7 |    14 |    18 ||    40
Armor: Animal skin       |    24 |     5 |       |       ||    29
       Chain mail        |       |    34 |    63 |       ||    97
       Plate armour      |       |       |   114 |   176 ||   290
Dodge: Dodged            |    25 |    25 |    54 |    73 ||   177
Block: Shield            |    50 |    52 |   175 |   198 ||   475

Table legend:
 A = Non-vault XP
 B = Vault XP
 C = Vault XP percentage of total XP
 D = Non-vault monster count
 E = Vault monster count
 F = Vault count percentage of total count
                 A         B        C        D         E       F
            +---------+---------+-------+---------+---------+-------
      Total |   11670 |    5153 |  30.6 |     259 |      83 |  24.3
            +---------+---------+-------+---------+---------+-------
        D:1 |      42 |       0 |   0.0 |      19 |       0 |   0.0
        D:2 |     180 |      19 |   9.5 |      23 |       7 |  23.3
        D:3 |     193 |     220 |  53.3 |      25 |       1 |   3.8
        D:4 |     133 |      28 |  17.4 |      12 |       2 |  14.3
        D:5 |     682 |     115 |  14.4 |      31 |       3 |   8.8
        D:6 |     619 |     296 |  32.3 |      23 |       1 |   4.2
        D:7 |    1820 |     463 |  20.3 |      26 |       4 |  13.3
        D:8 |     788 |       0 |   0.0 |      17 |       0 |   0.0
        D:9 |    1596 |     289 |  15.3 |      22 |       1 |   4.3
       D:10 |    1178 |    1447 |  55.1 |      21 |       6 |  22.2
       D:11 |    4439 |    1897 |  29.9 |      40 |      20 |  33.3
    Ossuary |       0 |     379 | 100.0 |       0 |      38 | 100.0
            +---------+---------+-------+---------+---------+-------
